 Dungeon Crawl Stone Soup version 0.32-a0-981-g384da2ce10 (webtiles) character file.

Game seed: 16309933278871498931

1030 dialectric the Covert (level 8, -12/42 HPs)
             Began as a Spriggan Delver on Apr 20, 2024.
             Was a Believer of Nemelex Xobeh.
             Mangled by Menkaure (18 damage)
             ... on level 6 of the Dungeon.
             The game lasted 00:09:17 (4471 turns).

dialectric the Covert (Spriggan Delver)             Turns: 4471, Time: 00:09:18

Health: -12/42     AC:  2    Str:  8    XL:     8   Next: 3%
Magic:  9/9        EV: 20    Int: 12    God:    Nemelex Xobeh [**....]
Gold:   246        SH:  0    Dex: 18    Spells: 7/7 levels left

rFire   . . .        q - +3 short sword
rCold   . . .        (no shield)
rNeg    . . .        b - +0 robe
rPois   .            (helmet restricted)
rElec   .            (no cloak)
rCorr   .            (gloves unavailable)
SInv    +            (boots unavailable)
Will    +....        h - amulet of the acrobat
Stlth   +++++        (no ring)
HPRegen 0.27/turn    (no ring)
MPRegen 0.11/turn

%: acrobat
@: very quick
A: very small, no large weapons, unfitting armour, see invisible, speed 3
a: Renounce Religion, Draw Escape, Draw Destruction, Draw Summoning


You were on level 6 of the Dungeon.
You worshipped Nemelex Xobeh.
Nemelex Xobeh was pleased with you.
You visited 2 branches of the dungeon, and saw 7 of its levels.

You collected 246 gold pieces.

Inventory:

Hand Weapons
 a - a +0 short sword
 q - a +3 short sword (weapon)
Missiles
 B - a throwing net (quivered)
Armour
 b - a +0 robe (worn)
 t - a scarf of invisibility
Jewellery
 h - an amulet of the acrobat (around neck)
 v - an amulet of reflection
Wands
 g - a wand of digging (3)
 j - a wand of light (7)
 m - a wand of charming (4)
 y - a wand of polymorph (9)
Scrolls
 c - 3 scrolls of fog
 d - a scroll of revelation
 e - 2 scrolls of fear
 n - a scroll of vulnerability {unknown}
 p - a scroll of teleportation {unknown}
 r - 2 scrolls of identify {unknown}
 u - a scroll of silence {unknown}
 x - a scroll of noise {unknown}
 A - a scroll of poison {unknown}
Potions
 f - a potion of haste
 i - 3 potions of attraction {unknown}
 k - a potion of degeneration
 l - a potion of heal wounds {unknown}
 o - a potion of mutation {unknown}
 s - a potion of cancellation {unknown}
 w - a potion of experience {unknown}
 z - a potion of curing {unknown}


   Skills:
 - Level 4.0 Fighting
 + Level 5.2 Short Blades
 + Level 6.3 Dodging
 + Level 10.0 Stealth
 + Level 4.5 Evocations


You had 7 spell levels left.
You didn't know any spells.
Your spell library contained the following spells:

 Spells                   Type           Power      Damage    Failure   Level
 Sting                    Conj/Alch      0%         1d3       32%         1
 Mercury Vapours          Alch/Air       0%         N/A       45%         2
 Call Canine Familiar     Summ           0%         N/A       69%         3
 Sigil of Binding         Hex            0%         N/A       69%         3
 Animate Dead             Necr           0%         N/A       97%         4
 Dimensional Bullseye     Hex/Tloc       0%         N/A       97%         4
 Olgreb's Toxic Radiance  Alch           0%         N/A       97%         4
 Petrify                  Alch/Erth      0%         N/A       97%         4
 Irradiate                Conj/Alch      0%         3d11      100%        5
 Haunt                    Necr/Summ      0%         N/A       100%        7
 Fulsome Fusillade        Conj/Alch      0%         (3-5)d4   100%        8
 Infestation              Necr           0%         N/A       100%        8


Dungeon Overview and Level Annotations

Branches:
Dungeon (6/15)             Temple (1/1) D:4

Altars:
Ashenzari
Cheibriados
Elyvilon
Fedhas
Hepliaklqana
Kikubaaqudgha
Nemelex Xobeh
Okawaru
Qazlal
Sif Muna
Trog
Uskayaw
Wu Jian
Xom
Zin
The Shining One

Shops:
D:4 *

Annotations:
D:4 Dowan, Duvessa
D:5 Sigmund
D:6 Menkaure


Innate Abilities, Weirdness & Mutations

You are very small and have problems with some larger weapons.
You are too small for most types of armour.
You have supernaturally acute eyesight. (SInv)
You cover ground extremely quickly. (Speed+++)


Message History

The ufetubus slips past you! The ufetubus barely misses you.
The ufetubus misses you.
Unknown command.
You hit the ufetubus but do no damage. The ufetubus completely misses you.
The ufetubus barely misses you.
Your ogre misses the ufetubus. The ufetubus completely misses you.
The ufetubus hits you.
You hit the ufetubus.
The ufetubus is severely wounded.
The ufetubus misses you. The ufetubus barely misses you.
You hit the ufetubus.
You kill the ufetubus!
Menkaure, Prince of Dust comes into view.
You hit Menkaure.
Menkaure is lightly damaged.
The ogre is no longer charmed.
Menkaure casts a spell at you. Pain shoots through your body!
* * * LOW HITPOINT WARNING * * *
You hit Menkaure.
Menkaure is lightly damaged.
Menkaure misses you.
You hit Menkaure.
Menkaure is moderately damaged.
The ogre barely misses you.
You hit Menkaure.
Menkaure is heavily damaged.
Menkaure completely misses you.
Unknown command.
Hit: q) +3 short sword
Press: ? - help, Dir - move target, f/p - ogre
Aim: an ogre, wielding a +0 giant spiked club (about 19% to evade your +3 short sword)
You puncture the ogre!
The ogre is moderately wounded.
The ogre closely misses you.
Aiming: Charm
Press: ? - help, Shift-Dir - straight line, f/p - ogre
Aim: an ogre, wielding a +0 giant spiked club (moderately wounded, chance to affect: 60%)
The ogre is charmed.
Menkaure hits you!!
You die...
Your body glows slightly and disappears.

........ ........ ....... ...
....... ... ....# .... ...#
..... ...# .....####### ..##
.......#.#.. ..# #.......@.#.#
..## #..#...MO.#.# .<.#
##...###...#.# ...## #...##
###...# ....####....###.....# .
##..................## ..
##..................### ....
#...##...............## .....
#...###................####.....


You could see Menkaure and a friendly ogre (charmed).

Vanquished Creatures
  Edmund (D:5)
  A water moccasin (D:6)
  An ice beast (D:5)
  An ogre (D:4)
  A bullfrog (D:6)
  2 scorpions
  A sleepcap (D:5)
  A gnoll bouda (D:4)
  3 hounds
  3 iguanas
  5 gnolls
  6 adders
  2 shadow imps (D:5)
  2 ufetubi (D:6)
  2 dart slugs (D:1)
  A ribbon worm (D:2)
  10 orcs
  6 bats
  7 endoplasms
  A giant cockroach (D:4)
  4 goblins
  5 hobgoblins
  4 jackals (D:3)
  5 quokkas
  4 ball pythons
  2 frilled lizards
  9 kobolds
  6 rats
96 creatures vanquished.

Vanquished Creatures (collateral kills)
  2 gnolls (D:4)
2 creatures vanquished.

Vanquished Creatures (others)
  A scorpion (D:5)
1 creature vanquished.

Grand Total: 99 creatures vanquished

Notes
Turn   | Place    | Note
-------+----------+-------------------------------------------
     0 | D:5      | dialectric the Spriggan Delver began the quest for the Orb.
     0 | D:5      | Reached XP level 1. HP: 11/11 MP: 2/2
    14 | D:5      | Noticed a scorpion
    27 | D:5      | Noticed an ogre
   157 | D:4      | Found a staircase to the Ecumenical Temple.
   224 | Temple   | Entered the Ecumenical Temple
   244 | Temple   | Became a worshipper of Nemelex Xobeh the Trickster
   326 | D:4      | Noticed an ogre
   388 | D:4      | Reached XP level 2. HP: 16/16 MP: 3/3
   494 | D:4      | Reached XP level 3. HP: 3/19 MP: 4/4
   939 | D:3      | Reached * piety under Nemelex Xobeh
  1082 | D:3      | Reached XP level 4. HP: 16/23 MP: 5/5
  1185 | D:3      | Received a gift from Nemelex Xobeh
  1355 | D:2      | Reached skill level 8 in Stealth
  1905 | D:2      | Reached XP level 5. HP: 28/28 MP: 6/6
  2016 | D:1      | Received a gift from Nemelex Xobeh
  2154 | D:1      | Reached ** piety under Nemelex Xobeh
  2178 | D:1      | Found a faded altar of an unknown god.
  2868 | D:4      | Reached skill level 1 in Evocations
  2896 | D:4      | Killed an ogre
  2897 | D:4      | Reached XP level 6. HP: 32/32 MP: 7/7
  2908 | D:4      | Noticed Duvessa
  2908 | D:4      | Noticed Dowan
  2983 | D:5      | Noticed Sigmund
  3004 | D:6      | Noticed a water moccasin
  3007 | D:6      | Killed a water moccasin
  3284 | D:4      | Found Zin's Purification Station.
  3288 | D:4      | Found a glowing silver altar of Zin.
  3322 | D:5      | Reached skill level 5 in Dodging
  3447 | D:5      | Received a gift from Nemelex Xobeh
  3497 | D:5      | Reached skill level 9 in Stealth
  3520 | D:6      | Reached XP level 7. HP: 37/37 MP: 8/8
  3570 | D:5      | Noticed Edmund
  3572 | D:5      | Killed Edmund
  3998 | D:4      | Reached skill level 5 in Short Blades
  4423 | D:6      | Reached skill level 10 in Stealth
  4423 | D:6      | Reached XP level 8. HP: 25/42 MP: 9/9
  4460 | D:6      | Noticed Menkaure
  4471 | D:6      | Mangled by Menkaure

Illustrated notes

Levels and vault maps discovered:
D:1:      lemuel_arrival_room, layout_loops_ring,
          hellmonk_ecumenical_altar_inner_sanctum, serial_bayou_pond_a
D:2:      layout_loops_ring, kennysheep_generic_room_11
D:3:      layout_basic, chequers_avenue
D:4:      layout_loops_corners, zin_purify, minmay_temple_entry_poolview,
          amcnicky_mini_corridor_feature, wad_floor_pattern_untrapped,
          eino_tiny_chamber, minmay_misc_feat_more_columns, uniq_duvessa
D:5:      layout_basic, kennysheep_mini_moat, grunt_dithmenos_smoke_and_mirrors,
          uniq_edmund, uniq_sigmund
D:6:      layout_layer_cave, nicolae_gozag_cash_rules_everything_around_me,
          chequers_temple_overflow_statue_of_worship, minmay_misc_feat_ornament,
          minivault_25, uniq_menkaure
Temple:   eino_wide_crystal_templ

Skill      XL: |  1  2  3  4  5  6  7 |
---------------+----------------------+-----
Dodging        | 3 4 5 6 |  6.3
Short Blades   | 3 4 5 |  5.2
Fighting       | 3 4 |  4.0
Stealth        | 8 9 10 | 10.0
Evocations     | 1 3 4 |  4.5

Action                     |  1- 3 |  4- 6 |  7- 9 || total
---------------------------+-------+-------+-------++-------
  Melee: Short sword       |    81 |   121 |   102 ||   304
  Evoke: Wand              |     1 |     4 |     3 ||     8
    Use: Potion            |       |     1 |       ||     1
   Stab: Sleeping          |    10 |    30 |     3 ||    43
         Distracted        |       |     1 |     1 ||     2
 Armour: Robe              |    32 |    23 |    26 ||    81
  Dodge: Dodged            |    68 |    68 |    79 ||   215

Table legend: (Time is in decaauts)
 A = Elapsed time spent in this place.
 B = Non-inter-level travel time spent in this place.
 C = Inter-level travel time spent in this place.
 D = Time resting spent in this place.
 E = Time spent auto-exploring this place.
 F = Levels seen in this place.
 G = Mean time per level.
                   A        B        C        D        E       F      G
               +--------+--------+--------+--------+--------+-----+--------+
         Total |   3087 |   2982 |    105 |    373 |   1633 |   7 |  441.0 |
       Dungeon |   3064 |   2977 |     87 |    373 |   1633 |   6 |  510.7 |
        Temple |     22 |      5 |     17 |      0 |      0 |   1 |   22.0 |
               +--------+--------+--------+--------+--------+-----+--------+

Top non-repeatable levels by time:
     D:4: 962 daAuts
     D:5: 530 daAuts
     D:3: 520 daAuts
     D:2: 449 daAuts
     D:1: 433 daAuts
     D:6: 169 daAuts
  Temple: 22 daAuts
